[Event "European Online Club-ch-H 2021"]
[Site "Online"]
[Date "2021.03.27"]
[Round "6.12"]
[White "Hald Falkesgaard, Jeppe"]
[Black "Brodsky, Michail"]
[Result "0-1"]
[ECO "A22"]
[WhiteElo "1986"]
[BlackElo "2524"]
[Annotator "ChessBase"]
[PlyCount "116"]
[EventDate "2021.03.27"]
[EventType "team-tourn"]
[EventCountry "NET"]
[SourceTitle "playchess.com"]
[Source "ChessBase"]
[SourceQuality "1"]
[TimeControl "900+5"]

1. c4 Nf6 2. Nc3 e5 3. e4 Bc5 4. Nf3 d6 5. d4 exd4 6. Nxd4 O-O 7. Be2 Bb4 8. f3 Bxc3+ 9. bxc3 Nbd7 10. O-O Re8 11. Qe1 Ne5 12. Qh4 Ng6 13. Qg3 Nh5 14. Qg5 Qxg5 15. Bxg5 Nhf4 16. Rab1 h6 17. Bxf4 Nxf4 18. g3 Nxe2+ 19. Nxe2 b6 20. Nd4 Bd7 21. Rbd1 a6 22. Rd2 Re5 23. Nb3 a5 24. Rfd1 a4 25. Nc1 Rc5 26. Nd3 Rca5 27. Nb4 Be6 28. Nd5 Rc5 29. Rd4 a3 30. Rb1 Kf8 31. f4 f5 32. Re1 fxe4 33. Rexe4 Bf5 34. Re7 Rxd5 35. Rxd5 Kxe7 36. Rxf5 Ra4 37. c5 bxc5 38. Rd5 c6 39. Rd3 d5 40. Kf2 Kd6 41. Kf3 Ra7 42. h4 c4 43. Re3 Rb7 44. Re2 Rb1 45. Kg4 Rb2 46. Re8 Rc2 47. Rg8 Rxc3 48. Rxg7 Rc1 49. Rg6+ Kc5 50. Rxh6 Rf1 51. f5 c3 52. Kg5 c2 53. Kg6 c1=Q 54. g4 Qf4 55. Rh7 Qxg4+ 56. Kf6 Rxf5+ 57. Ke7 Re5+ 58. Kd8 Qg8+ 0-1

[Event "European Online Club-ch-H 2021"]
[Site "Online"]
[Date "2021.03.27"]
[Round "6.13"]
[White "Banusz, Tamas"]
[Black "Parvanyan, Ashot"]
[Result "1-0"]
[ECO "E65"]
[WhiteElo "2631"]
[BlackElo "2436"]
[Annotator "ChessBase"]
[PlyCount "151"]
[EventDate "2021.03.27"]
[EventType "team-tourn"]
[EventCountry "NET"]
[SourceTitle "playchess.com"]
[Source "ChessBase"]
[SourceQuality "1"]
[TimeControl "900+5"]

1. d4 Nf6 2. c4 g6 3. g3 Bg7 4. Bg2 O-O 5. Nc3 d6 6. Nf3 c5 7. O-O Nc6 8. dxc5 dxc5 9. Be3 Qa5 10. Qb3 Qb4 11. Na4 b6 12. Qxb4 cxb4 13. Rac1 Bd7 14. b3 Rac8 15. Rfd1 Bf5 16. Nd4 Nxd4 17. Bxd4 Rfd8 18. h3 Rd7 19. Be3 h5 20. Rd2 Rxd2 21. Bxd2 Bd7 22. Bxb4 Bxa4 23. bxa4 Rc7 24. a5 Nd7 25. axb6 Nxb6 26. c5 Na4 27. c6 Be5 28. Ba5 Nb6 29. Rb1 Bd4 30. e3 Bc5 31. Rb5 Bd6 32. Bb4 Bxb4 33. Rxb4 e6 34. Rb5 Kf8 35. a4 Ke7 36. a5 Nd5 37. Bxd5 exd5 38. Rxd5 Rxc6 39. Kg2 Rc2 40. Rb5 Rc7 41. g4 hxg4 42. hxg4 Kd6 43. Kg3 Kc6 44. Re5 Rb7 45. Kf4 Kd6 46. g5 Rb4+ 47. e4 Rb2 48. f3 Ra2 49. Rd5+ Ke6 50. Rb5 Ra3 51. Kg4 Ra4 52. Rd5 Ra1 53. f4 Rg1+ 54. Kf3 Rf1+ 55. Ke3 Re1+ 56. Kd4 Rf1 57. f5+ gxf5 58. Re5+ Kd6 59. Rxf5 Rd1+ 60. Ke3 Ke7 61. Rb5 Re1+ 62. Kf4 Ke6 63. Rb7 Rf1+ 64. Ke3 a6 65. Ra7 Ke5 66. Rxa6 Re1+ 67. Kf2 Rxe4 68. Ra8 Kf5 69. a6 Ra4 70. a7 Ra3 71. g6 Ra2+ 72. Ke1 Ra1+ 73. Kd2 Kf6 74. gxf7 Ra2+ 75. Kc1 Kxf7 76. Rh8 1-0

[Event "European Online Club-ch-H 2021"]
[Site "Online"]
[Date "2021.03.27"]
[Round "6.14"]
[White "Olsen, Filip Boe"]
[Black "Braun, Arik"]
[Result "1-0"]
[ECO "E04"]
[WhiteElo "2379"]
[BlackElo "2609"]
[Annotator "ChessBase"]
[PlyCount "81"]
[EventDate "2021.03.27"]
[EventType "team-tourn"]
[EventCountry "NET"]
[SourceTitle "playchess.com"]
[Source "ChessBase"]
[SourceQuality "1"]
[TimeControl "900+5"]

1. d4 Nf6 2. Nf3 e6 3. c4 d5 4. g3 dxc4 5. Bg2 c6 6. O-O b5 7. a4 Bb7 8. Ne5 Qc8 9. b3 cxb3 10. Qxb3 b4 11. a5 Nfd7 12. Nxd7 Qxd7 13. Be3 Be7 14. Nd2 O-O 15. Ne4 Na6 16. Rfd1 Rfd8 17. Nc5 Bxc5 18. dxc5 Qe7 19. h4 h6 20. Qc4 Rxd1+ 21. Rxd1 Rd8 22. Rc1 e5 23. Be4 Qe6 24. Qxe6 fxe6 25. Rb1 Kf7 26. Kg2 Ke7 27. g4 Kd7 28. g5 hxg5 29. hxg5 Rh8 30. Bd3 Ke7 31. Kg3 Rb8 32. g6 Kf6 33. Kg4 Ke7 34. Bc4 Bc8 35. Rd1 Ke8 36. Bg5 Bb7 37. Bxe6 Nxc5 38. Bf7+ Kf8 39. Rh1 Bc8+ 40. Kf3 e4+ 41. Kg2 1-0

[Event "European Online Club-ch-H 2021"]
[Site "Online"]
[Date "2021.03.27"]
[Round "6.15"]
[White "Wagner, Dennis"]
[Black "Pajeken, Jakob Leon"]
[Result "1-0"]
[ECO "C99"]
[WhiteElo "2581"]
[BlackElo "2323"]
[Annotator "ChessBase"]
[PlyCount "97"]
[EventDate "2021.03.27"]
[EventType "team-tourn"]
[EventCountry "NET"]
[SourceTitle "playchess.com"]
[Source "ChessBase"]
[SourceQuality "1"]
[TimeControl "900+5"]

1. e4 e5 2. Nf3 Nc6 3. Bb5 a6 4. Ba4 Nf6 5. O-O Be7 6. Re1 b5 7. Bb3 d6 8. c3 O-O 9. h3 Na5 10. Bc2 c5 11. d4 Qc7 12. Nbd2 cxd4 13. cxd4 Rd8 14. d5 Bd7 15. Nf1 Rdc8 16. Bd3 Nb7 17. Bg5 Nc5 18. Rc1 Qd8 19. Bb1 Na4 20. Qd2 Rxc1 21. Rxc1 Rc8 22. b3 Nc5 23. Ng3 Qb6 24. b4 Na4 25. Rxc8+ Bxc8 26. Qc1 Bd7 27. Bd3 Qb7 28. Nh5 Nxh5 29. Bxe7 Nf4 30. Bf1 Bxh3 31. Bxd6 Bxg2 32. Nxe5 Bxf1 33. Kxf1 Ng6 34. Nxg6 hxg6 35. Qc6 Qxc6 36. dxc6 Nb6 37. e5 Nc8 38. Ke2 f6 39. Ke3 Kf7 40. Kd4 Ke6 41. c7 g5 42. exf6 gxf6 43. Bh2 f5 44. Kc5 f4 45. Kc6 Ne7+ 46. Kb7 Ke5 47. f3 Kd5 48. Bg1 Nf5 49. Bc5 1-0

[Event "European Online Club-ch-H 2021"]
[Site "Online"]
[Date "2021.03.27"]
[Round "6.16"]
[White "Arndt, Magnus"]
[Black "Buhmann, Rainer"]
[Result "1/2-1/2"]
[ECO "C45"]
[WhiteElo "2282"]
[BlackElo "2580"]
[Annotator "ChessBase"]
[PlyCount "143"]
[EventDate "2021.03.27"]
[EventType "team-tourn"]
[EventCountry "NET"]
[SourceTitle "playchess.com"]
[Source "ChessBase"]
[SourceQuality "1"]
[TimeControl "900+5"]

1. e4 e5 2. Nf3 Nc6 3. d4 exd4 4. Nxd4 Nf6 5. Nxc6 bxc6 6. e5 Qe7 7. Qe2 Nd5 8. c4 Nb6 9. Nc3 Qe6 10. Qe4 d5 11. exd6 Qxe4+ 12. Nxe4 cxd6 13. Bf4 d5 14. Nd6+ Bxd6 15. Bxd6 Nxc4 16. Bxc4 dxc4 17. O-O-O Be6 18. Rhe1 O-O-O 19. a3 a6 20. Be5 Rxd1+ 21. Rxd1 f6 22. Bc3 Bd5 23. f3 Kd7 24. Re1 Rc8 25. Re3 h5 26. h4 Rg8 27. Re2 c5 28. Kd2 Be6 29. Ke3 Bf5 30. Kf2 Bd3 31. Re3 Kd6 32. Re1 Bf5 33. Re3 Be6 34. Re1 Ke7 35. Rd1 Rc8 36. Rd2 Bf5 37. Rd1 Bd3 38. Re1+ Kf7 39. Re3 Rd8 40. Re1 Bf5 41. Re2 Rg8 42. Re1 Bd3 43. Re3 Rd8 44. Re1 Rd5 45. Re3 Rf5 46. Re1 Rf4 47. Kg3 Rf5 48. Kf2 Rd5 49. Re3 Bf5 50. Re2 Rd7 51. Re1 Be6 52. Re2 Ke7 53. Rd2 Rb7 54. Re2 Kd6 55. Rd2+ Kc6 56. Re2 Bf7 57. Re3 Rd7 58. Re2 Bg6 59. Re3 Bf7 60. Re2 Bg6 61. Re3 Kd6 62. Re2 Rb7 63. Re3 Kd7 64. Re1 Bd3 65. Re3 Rb8 66. Re1 Rb3 67. Rc1 Kc6 68. Re1 Kd7 69. Rc1 Rb8 70. Re1 Rg8 71. Re3 Rb8 72. Re1 1/2-1/2

[Event "European Online Club-ch-H 2021"]
[Site "Online"]
[Date "2021.03.27"]
[Round "6.17"]
[White "Mamedov, Rauf"]
[Black "Nagy, Gabor"]
[Result "1/2-1/2"]
[ECO "B22"]
[WhiteElo "2654"]
[BlackElo "2509"]
[Annotator "ChessBase"]
[PlyCount "60"]
[EventDate "2021.03.27"]
[EventType "team-tourn"]
[EventCountry "NET"]
[SourceTitle "playchess.com"]
[Source "ChessBase"]
[SourceQuality "1"]
[TimeControl "900+5"]

1. e4 c5 2. Nf3 e6 3. c3 d5 4. exd5 Qxd5 5. d4 Nf6 6. Na3 Nc6 7. Nb5 Qd8 8. dxc5 Bxc5 9. Qxd8+ Kxd8 10. b4 Bb6 11. Nd6 Ke7 12. Nc4 Ne4 13. Nxb6 axb6 14. Bb2 f6 15. Bd3 Nd6 16. b5 Na5 17. Ba3 Rd8 18. O-O-O e5 19. Bb4 Be6 20. Bxh7 Nac4 21. Nd2 Kf7 22. Nxc4 Nxc4 23. Bb1 Rdc8 24. f4 exf4 25. Rhe1 Ne3 26. Rd4 Bxa2 27. g3 Bxb1 28. Kxb1 Rd8 29. Rxf4 Nd5 30. Rc4 Rd7 1/2-1/2

[Event "European Online Club-ch-H 2021"]
[Site "Online"]
[Date "2021.03.27"]
[Round "6.18"]
[White "Mihok, Oliver"]
[Black "Asadli, Vugar"]
[Result "1/2-1/2"]
[ECO "B18"]
[WhiteElo "2540"]
[BlackElo "2572"]
[Annotator "ChessBase"]
[PlyCount "118"]
[EventDate "2021.03.27"]
[EventType "team-tourn"]
[EventCountry "NET"]
[SourceTitle "playchess.com"]
[Source "ChessBase"]
[SourceQuality "1"]
[TimeControl "900+5"]

1. e4 c6 2. d4 d5 3. Nd2 dxe4 4. Nxe4 Bf5 5. Ng3 Bg6 6. Bc4 e6 7. N1e2 Nf6 8. O-O Nbd7 9. f4 Nb6 10. Bd3 Bxd3 11. Qxd3 g6 12. f5 gxf5 13. Nxf5 exf5 14. Qxf5 Be7 15. Bg5 Nbd5 16. Rae1 Qd7 17. Ng3 O-O-O 18. c4 Qxf5 19. Nxf5 Bb4 20. cxd5 Nxd5 21. Bxd8 Bxe1 22. Nd6+ Kd7 23. Nxf7 Re8 24. Ne5+ Kxd8 25. Rxe1 Kc7 26. Rf1 c5 27. Rf7+ Kd6 28. Rd7+ Ke6 29. Rxh7 cxd4 30. Nf3 d3 31. Rxb7 Rc8 32. Rxa7 Rc1+ 33. Kf2 Rc2+ 34. Kg3 d2 35. Nxd2 Rxd2 36. Rb7 Ne3 37. a4 Nf5+ 38. Kh3 Nd6 39. Rb6 Kd7 40. b3 Kc7 41. Rb4 Kc6 42. g4 Kc5 43. Rb8 Ne4 44. Rb5+ Kd4 45. g5 Ke3 46. Kg4 Rg2+ 47. Kh5 Rxh2+ 48. Kg6 Kf4 49. a5 Rc2 50. Rb6 Rc5 51. a6 Rxg5+ 52. Kf7 Ra5 53. b4 Ra4 54. b5 Ke5 55. Ke7 Kd5 56. Kd7 Nc5+ 57. Kc7 Kc4 58. Rb8 Nxa6+ 59. bxa6 Rxa6 1/2-1/2

[Event "European Online Club-ch-H 2021"]
[Site "Online"]
[Date "2021.03.27"]
[Round "6.19"]
[White "Sadikhov, Ulvi"]
[Black "Glek, Igor"]
[Result "0-1"]
[ECO "A04"]
[WhiteElo "2490"]
[BlackElo "2475"]
[Annotator "ChessBase"]
[PlyCount "94"]
[EventDate "2021.03.27"]
[EventType "team-tourn"]
[EventCountry "NET"]
[SourceTitle "playchess.com"]
[Source "ChessBase"]
[SourceQuality "1"]
[TimeControl "900+5"]

1. e4 e6 2. d3 c5 3. Nf3 Nc6 4. g3 Nge7 5. Bg2 g6 6. O-O Bg7 7. Re1 O-O 8. h4 h6 9. Nbd2 e5 10. h5 g5 11. Nc4 d6 12. Nfd2 Be6 13. a4 Qd7 14. Nf1 f5 15. exf5 Nxf5 16. c3 Rad8 17. Nh2 Qf7 18. Qe2 Rfe8 19. Ne3 d5 20. Nxf5 Bxf5 21. Bd2 Kh8 22. Rad1 b6 23. Bc1 e4 24. dxe4 Bxe4 25. Bxe4 Rxe4 26. Qb5 Rxe1+ 27. Rxe1 Rf8 28. f4 Nd8 29. Qe2 gxf4 30. Bxf4 d4 31. c4 Nc6 32. b3 Nb4 33. Kg2 d3 34. Qe4 Qxh5 35. Nf3 Qf5 36. Qb7 Rf7 37. Qa8+ Kh7 38. Nh4 Qd7 39. Qe4+ Kg8 40. Qg6 Qb7+ 41. Kh2 Qd7 42. Bxh6 d2 43. Rd1 Rf2+ 44. Kg1 Re2 45. Qxg7+ Qxg7 46. Bxg7 Re1+ 47. Kf2 Rxd1 0-1

[Event "European Online Club-ch-H 2021"]
[Site "Online"]
[Date "2021.03.27"]
[Round "6.20"]
[White "Harff, Marcel"]
[Black "Ahmadzada, Ahmad"]
[Result "0-1"]
[ECO "A12"]
[WhiteElo "2360"]
[BlackElo "2431"]
[Annotator "NA"]
[PlyCount "102"]
[EventDate "2021.03.27"]
[EventType "team-tourn"]
[EventCountry "NET"]
[SourceTitle "playchess.com"]
[Source "ChessBase"]
[SourceQuality "1"]
[TimeControl "900+5"]

1. c4 Nf6 2. g3 c6 3. Bg2 d5 4. b3 Bf5 5. Bb2 e6 6. Nf3 Be7 7. O-O O-O 8. d3 h6 9. Nbd2 Bh7 10. a3 a5 11. Qc2 Nbd7 12. Rfe1 Qb6 13. Bd4 Bc5 14. Bxc5 Nxc5 15. h3 Rfe8 16. Rec1 Ncd7 17. cxd5 exd5 18. e3 c5 19. Qc3 Qd6 20. Rd1 b5 21. e4 dxe4 22. dxe4 Qc7 23. e5 Nd5 24. Qb2 Rad8 25. a4 c4 26. bxc4 bxc4 27. Qd4 N7b6 28. Rdc1 Nb4 29. Qg4 Nd3 30. Rc3 Qc5 31. Rf1 Nxe5 32. Nxe5 Qxe5 33. Re3 Qc5 34. Ne4 Qd4 35. Rfe1 Re6 36. Qh5 Bxe4 37. Bxe4 c3 38. Qxa5 Nc4 39. Qxc3 Nxe3 40. Qxe3 Qxe3 41. Rxe3 Rd4 42. f3 Rxa4 43. Rb3 g6 44. Rb2 Rd6 45. Kf2 Ra3 46. g4 Rd4 47. Rb7 Rd2+ 48. Kg3 g5 49. h4 Raa2 50. hxg5 hxg5 51. f4 Ra3+ 0-1

[Event "European Online Club-ch-H 2021"]
[Site "Online"]
[Date "2021.03.27"]
[Round "7.1"]
[White "Nagy, Gabor"]
[Black "Samani, Yamac"]
[Result "0-1"]
[ECO "A65"]
[WhiteElo "2509"]
[BlackElo "2246"]
[Annotator "ChessBase"]
[PlyCount "114"]
[EventDate "2021.03.27"]
[EventType "team-tourn"]
[EventCountry "NET"]
[SourceTitle "playchess.com"]
[Source "ChessBase"]
[SourceQuality "1"]
[TimeControl "900+5"]

1. d4 Nf6 2. c4 g6 3. Nc3 Bg7 4. e4 O-O 5. Nge2 d6 6. f3 c5 7. d5 e6 8. Ng3 exd5 9. cxd5 h5 10. Bg5 a6 11. a4 Qe8 12. Be2 Nh7 13. Bf4 h4 14. Nf1 Qe7 15. Nd2 Nd7 16. Nc4 Ne5 17. Nb6 Rb8 18. O-O f5 19. Qd2 g5 20. Be3 f4 21. Bf2 h3 22. Nxc8 Rbxc8 23. gxh3 Qd7 24. Kg2 Rf6 25. Rg1 Rcf8 26. Raf1 Rh6 27. h4 g4 28. Qd1 gxf3+ 29. Bxf3 Ng5 30. Bh5 f3+ 31. Kh1 Nh3 32. Rg3 Rxh5 33. Qd2 Kh7 34. Nd1 Nxf2+ 35. Nxf2 Bh6 36. Qd1 Rxh4 37. Rfg1 Rf7 38. Nd3 f2 39. Rf1 Bf4 40. Rg2 Qh3 41. Nxf2 Qxh2+ 42. Rxh2 Rxh2+ 43. Kg1 Rg7+ 44. Ng4 Rxg4+ 45. Qxg4 Nxg4 46. Rxf4 Rh4 47. Rf7+ Kg6 48. Rxb7 Kg5 49. Rb6 Kf4 50. Rxa6 Kg3 51. Rxd6 Rh2 52. Rb6 Re2 53. Kf1 Kf3 54. a5 Ne3+ 55. Kg1 Re1+ 56. Kh2 Ng4+ 57. Kh3 Rh1# 0-1

[Event "European Online Club-ch-H 2021"]
[Site "Online"]
[Date "2021.03.27"]
[Round "7.2"]
[White "Agdelen, Huseyin Can"]
[Black "Mihok, Oliver"]
[Result "1-0"]
[ECO "B48"]
[WhiteElo "2206"]
[BlackElo "2540"]
[Annotator "ChessBase"]
[PlyCount "67"]
[EventDate "2021.03.27"]
[EventType "team-tourn"]
[EventCountry "NET"]
[SourceTitle "playchess.com"]
[Source "ChessBase"]
[SourceQuality "1"]
[TimeControl "900+5"]

1. e4 c5 2. Nf3 e6 3. d4 cxd4 4. Nxd4 Nc6 5. Nc3 Qc7 6. Be3 a6 7. Qd2 Nf6 8. f4 Bb4 9. Bd3 O-O 10. a3 Be7 11. e5 Ng4 12. Bg1 f6 13. h3 Nh6 14. exf6 Bxf6 15. Nde2 b5 16. Bf2 Bb7 17. O-O b4 18. axb4 Nxb4 19. Be4 Bxe4 20. Nxe4 Qxc2 21. Nxf6+ gxf6 22. Qxb4 Qxe2 23. Ra3 Nf5 24. Qb7 Qb5 25. Qf3 Qxb2 26. Rb3 Qc2 27. Rd1 Qc6 28. Qxc6 dxc6 29. g4 Ne7 30. Rd7 Nd5 31. Rbb7 Rfb8 32. Rg7+ Kf8 33. Bc5+ Ne7 34. Rbxe7 1-0

[Event "European Online Club-ch-H 2021"]
[Site "Online"]
[Date "2021.03.27"]
[Round "7.3"]
[White "Harff, Marcel"]
[Black "Sertbay, Huseyin"]
[Result "1-0"]
[ECO "A25"]
[WhiteElo "2360"]
[BlackElo "2101"]
[Annotator "NA"]
[PlyCount "73"]
[EventDate "2021.03.27"]
[EventType "team-tourn"]
[EventCountry "NET"]
[SourceTitle "playchess.com"]
[Source "ChessBase"]
[SourceQuality "1"]
[TimeControl "900+5"]

1. c4 e5 2. g3 Nc6 3. Bg2 Bc5 4. Nc3 Nf6 5. a3 a6 6. e3 d6 7. Nge2 h6 8. d4 exd4 9. exd4 Ba7 10. h3 O-O 11. O-O Re8 12. Be3 Rb8 13. b4 Bf5 14. Rc1 Ne7 15. g4 Bh7 16. Qd2 c6 17. Bf4 Qd7 18. c5 dxc5 19. Bxb8 Rxb8 20. Rfd1 Rd8 21. bxc5 Bxc5 22. Qb2 Bd6 23. Na4 Ned5 24. Nc5 Qe7 25. Re1 Re8 26. Qd2 Bb8 27. Nc3 Qd6 28. Nxd5 cxd5 29. Rxe8+ Nxe8 30. Qe3 Qh2+ 31. Kf1 Nd6 32. Bxd5 Bg6 33. Qg3 Qxg3 34. fxg3 Nb5 35. Nd7 Bxg3 36. Rc8+ Kh7 37. Nf8+ 1-0

[Event "European Online Club-ch-H 2021"]
[Site "Online"]
[Date "2021.03.27"]
[Round "7.4"]
[White "Atasoy, Ata"]
[Black "Ahn, Martin"]
[Result "0-1"]
[ECO "B06"]
[WhiteElo "1636"]
[BlackElo "2171"]
[Annotator "NA"]
[PlyCount "116"]
[EventDate "2021.03.27"]
[EventType "team-tourn"]
[EventCountry "NET"]
[SourceTitle "playchess.com"]
[Source "ChessBase"]
[SourceQuality "1"]
[TimeControl "900+5"]

1. e4 g6 2. d4 Bg7 3. Nc3 d6 4. Bg5 a6 5. Qd2 b5 6. O-O-O Bb7 7. f3 Nd7 8. Kb1 c5 9. dxc5 Nxc5 10. Nge2 Rc8 11. Nd5 Bxd5 12. Qxd5 Ne6 13. Be3 Nf6 14. Qd2 h5 15. h4 Nd7 16. Nd4 Nxd4 17. Bxd4 Bxd4 18. Qxd4 O-O 19. g4 Qc7 20. Bd3 Qc5 21. Qxc5 Rxc5 22. b4 Rc3 23. gxh5 gxh5 24. Rdg1+ Kh8 25. Rg5 Nf6 26. f4 Rg8 27. e5 dxe5 28. fxe5 Rxg5 29. hxg5 Nd7 30. Rxh5+ Kg8 31. g6 fxg6 32. Rg5 Kh7 33. Bxg6+ Kh6 34. Rg1 Nxe5 35. Bf5 Rf3 36. Bc8 Rf6 37. Re1 Nc4 38. c3 e5 39. Bg4 Kg5 40. Be2 Nd6 41. a4 e4 42. axb5 axb5 43. Kc2 Rf2 44. Kb3 Kf4 45. c4 bxc4+ 46. Bxc4 Rf3+ 47. Kc2 Nxc4 48. b5 Na3+ 49. Kd2 Nxb5 50. Rh1 Nd4 51. Rh8 e3+ 52. Ke1 Rg3 53. Rh1 Ke4 54. Rf1 Kd3 55. Rh1 Nf3+ 56. Kf1 Rg1+ 57. Rxg1 Nxg1 58. Kxg1 Kd2 0-1

[Event "European Online Club-ch-H 2021"]
[Site "Online"]
[Date "2021.03.27"]
[Round "7.5"]
[White "Parvanyan, Ashot"]
[Black "Mamedov, Rauf"]
[Result "1-0"]
[ECO "B38"]
[WhiteElo "2436"]
[BlackElo "2654"]
[Annotator "ChessBase"]
[PlyCount "187"]
[EventDate "2021.03.27"]
[EventType "team-tourn"]
[EventCountry "NET"]
[SourceTitle "playchess.com"]
[Source "ChessBase"]
[SourceQuality "1"]
[TimeControl "900+5"]

1. Nf3 g6 2. e4 c5 3. c4 Bg7 4. d4 cxd4 5. Nxd4 Nc6 6. Be3 Qb6 7. Nf5 Qxb2 8. Nxg7+ Qxg7 9. Nd2 Nb4 10. Nb3 d6 11. Qd2 Nc6 12. Be2 h5 13. O-O Nf6 14. f3 h4 15. c5 dxc5 16. Nxc5 h3 17. g3 Nd7 18. Rac1 Nxc5 19. Rxc5 Be6 20. Bb5 O-O 21. Bxc6 bxc6 22. Bh6 Rad8 23. Qxd8 Qxh6 24. Qd4 Rc8 25. a4 Kh7 26. Rfc1 Rd8 27. Qxd8 Qe3+ 28. Kf1 Qxf3+ 29. Ke1 Qe3+ 30. Kf1 Qf3+ 31. Ke1 Bg4 32. R5c2 Qe3+ 33. Kf1 Bf3 34. Rd1 Bxe4 35. Rf2 Bg2+ 36. Kg1 c5 37. Qd2 Qe5 38. Rxg2 hxg2 39. Qxg2 c4 40. Qf2 Qe6 41. Qd4 a5 42. Rc1 f6 43. Kf2 Qf5+ 44. Kg2 Qg5 45. Rxc4 Kg7 46. Rc2 Qf5 47. Rf2 Qe6 48. Rd2 g5 49. Qd5 Qe3 50. Qxa5 Qe4+ 51. Kf2 Qh1 52. Ke3 Qe1+ 53. Kd3 Qb1+ 54. Ke2 Qe4+ 55. Kf2 Qh1 56. Ke3 Qe1+ 57. Kd4 Qa1+ 58. Kc4 Qf1+ 59. Kc5 Qc1+ 60. Kb5 Qc8 61. Qd8 Qb7+ 62. Qb6 Qe4 63. Rd4 Qe2+ 64. Ka5 Qc2 65. Qb4 Qc7+ 66. Qb6 Qc8 67. h4 gxh4 68. gxh4 e5 69. Rd6 Qc3+ 70. Kb5 Qb3+ 71. Ka5 Qc3+ 72. Ka6 Qc4+ 73. Qb5 Qxh4 74. Qd7+ Kg6 75. Qe8+ Kf5 76. Qe6+ Kg6 77. a5 Qf4 78. Rd8 Qf1+ 79. Ka7 Qf2+ 80. Ka8 Qf3+ 81. Qd5 Qa3 82. Rg8+ Kf5 83. Qd7+ Ke4 84. Qg4+ Kd5 85. Rd8+ Kc5 86. Qc8+ Kb4 87. Qb7+ Ka4 88. a6 Qc5 89. Rb8 Qc4 90. a7 e4 91. Rc8 Qd4 92. Qc6+ Kb3 93. Rb8+ Ka3 94. Qa6+ 1-0

[Event "European Online Club-ch-H 2021"]
[Site "Online"]
[Date "2021.03.27"]
[Round "7.6"]
[White "Asadli, Vugar"]
[Black "Olsen, Filip Boe"]
[Result "1-0"]
[ECO "B12"]
[WhiteElo "2572"]
[BlackElo "2379"]
[Annotator "ChessBase"]
[PlyCount "57"]
[EventDate "2021.03.27"]
[EventType "team-tourn"]
[EventCountry "NET"]
[SourceTitle "playchess.com"]
[Source "ChessBase"]
[SourceQuality "1"]
[TimeControl "900+5"]

1. e4 c6 2. d4 d5 3. e5 Bf5 4. Nd2 e6 5. Nb3 Nd7 6. Nf3 a6 7. Be2 c5 8. O-O c4 9. Nbd2 h6 10. c3 Ne7 11. Ne1 Nc6 12. f4 Bh7 13. g4 f5 14. Ng2 Be7 15. Ne3 Nf8 16. b3 cxb3 17. Nxb3 fxg4 18. Bxg4 g6 19. c4 dxc4 20. Nxc4 b5 21. Ne3 Qb6 22. Bb2 g5 23. f5 exf5 24. Nxf5 Ne6 25. Nxe7 Kxe7 26. Bxe6 Kxe6 27. Rf6+ Ke7 28. Qh5 Bg8 29. Qg6 1-0

[Event "European Online Club-ch-H 2021"]
[Site "Online"]
[Date "2021.03.27"]
[Round "7.7"]
[White "Pajeken, Jakob Leon"]
[Black "Suleymanli, Aydin"]
[Result "0-1"]
[ECO "D02"]
[WhiteElo "2323"]
[BlackElo "2512"]
[Annotator "ChessBase"]
[PlyCount "92"]
[EventDate "2021.03.27"]
[EventType "team-tourn"]
[EventCountry "NET"]
[SourceTitle "playchess.com"]
[Source "ChessBase"]
[SourceQuality "1"]
[TimeControl "900+5"]

1. d4 d5 2. Nf3 Nf6 3. Bf4 e6 4. e3 Bd6 5. Bg3 c5 6. Nbd2 Nc6 7. c3 O-O 8. Bd3 b6 9. Qe2 Bb7 10. Rd1 Re8 11. e4 e5 12. dxe5 Nxe5 13. Nxe5 Bxe5 14. f4 dxe4 15. Bb5 Bc7 16. Bxe8 Qxe8 17. O-O Qa4 18. Bh4 Nd5 19. Nxe4 Nxf4 20. Nf6+ Kh8 21. Qe7 Qc6 22. Rd2 Ng6 23. Qxf7 Rf8 24. Qxf8+ Nxf8 25. Nd5 Ng6 26. Nxc7 h5 27. Bd8 a6 28. c4 Qe4 29. Nd5 b5 30. b3 bxc4 31. bxc4 Qxc4 32. Ne3 Qe4 33. Bg5 c4 34. Rc2 Ne5 35. Rcf2 c3 36. Nf5 Ng4 37. Nd6 Qd4 38. Nxb7 c2 39. Bh4 Nxf2 40. Bxf2 Qf4 41. Bg3 Qe3+ 42. Bf2 Qd3 43. Nc5 Qxf1+ 44. Kxf1 c1=Q+ 45. Ke2 Qc4+ 46. Kf3 Qxa2 0-1

[Event "European Online Club-ch-H 2021"]
[Site "Online"]
[Date "2021.03.27"]
[Round "7.8"]
[White "Ahmadzada, Ahmad"]
[Black "Arndt, Magnus"]
[Result "1-0"]
[ECO "D02"]
[WhiteElo "2431"]
[BlackElo "2282"]
[Annotator "NA"]
[PlyCount "109"]
[EventDate "2021.03.27"]
[EventType "team-tourn"]
[EventCountry "NET"]
[SourceTitle "playchess.com"]
[Source "ChessBase"]
[SourceQuality "1"]
[TimeControl "900+5"]

1. d4 Nf6 2. Bf4 d5 3. e3 c5 4. Nf3 Nc6 5. c3 Qb6 6. Qb3 c4 7. Qc2 Bf5 8. Qc1 h6 9. Nbd2 Qd8 10. Be2 e6 11. O-O Bd6 12. Bg3 Bxg3 13. hxg3 O-O 14. Bd1 b5 15. a3 a5 16. Bc2 b4 17. Bxf5 exf5 18. b3 a4 19. bxc4 b3 20. cxd5 Qxd5 21. c4 Qd6 22. Qb2 Rfc8 23. Rac1 Rab8 24. Rfd1 Na5 25. Ne5 Ne4 26. c5 Qa6 27. Ndc4 Nxc4 28. Nxc4 Rd8 29. Nb6 Qb5 30. f3 Nxg3 31. Kf2 f4 32. exf4 Nf5 33. g4 Ne7 34. d5 Rxb6 35. cxb6 Qxb6+ 36. Qd4 Qxd4+ 37. Rxd4 Rxd5 38. Rxa4 Rd2+ 39. Ke3 Ra2 40. Ra5 f5 41. Rb1 b2 42. Kd3 fxg4 43. fxg4 Ng6 44. Ra4 Ne7 45. Kc2 Nd5 46. Rxb2 Ne3+ 47. Kb1 Rxb2+ 48. Kxb2 Nxg4 49. Rd4 h5 50. a4 h4 51. a5 h3 52. a6 Nf2 53. a7 h2 54. a8=Q+ Kh7 55. f5 1-0

[Event "European Online Club-ch-H 2021"]
[Site "Online"]
[Date "2021.03.27"]
[Round "7.9"]
[White "Vasli, Aref"]
[Black "Banusz, Tamas"]
[Result "1-0"]
[ECO "D14"]
[WhiteElo "2384"]
[BlackElo "2631"]
[Annotator "ChessBase"]
[PlyCount "65"]
[EventDate "2021.03.27"]
[EventType "team-tourn"]
[EventCountry "NET"]
[SourceTitle "playchess.com"]
[Source "ChessBase"]
[SourceQuality "1"]
[TimeControl "900+5"]

1. Nf3 d5 2. d4 Nf6 3. Bf4 c5 4. c3 cxd4 5. cxd4 Nc6 6. Nc3 Bf5 7. Qb3 Na5 8. Qa4+ Bd7 9. Qc2 e6 10. e3 Be7 11. Ne5 O-O 12. Bd3 Rc8 13. O-O h6 14. Rfc1 Nh5 15. Bg3 Nxg3 16. hxg3 Nc4 17. Nxd7 Qxd7 18. Qe2 Rc7 19. b3 Na3 20. Nb5 Nxb5 21. Bxb5 Qc8 22. Qb2 Qb8 23. Rxc7 Qxc7 24. Rc1 Qa5 25. Bd3 Ba3 26. Qc3 Bb4 27. Qc2 Qa3 28. g4 g5 29. g3 Kg7 30. Kg2 Rd8 31. Qc7 Ba5 32. Qe5+ f6 33. Rc7+ 1-0

[Event "European Online Club-ch-H 2021"]
[Site "Online"]
[Date "2021.03.27"]
[Round "7.10"]
[White "Braun, Arik"]
[Black "Aabling-Thomsen, Jakob"]
[Result "1-0"]
[ECO "A43"]
[WhiteElo "2609"]
[BlackElo "2348"]
[Annotator "ChessBase"]
[PlyCount "87"]
[EventDate "2021.03.27"]
[EventType "team-tourn"]
[EventCountry "NET"]
[SourceTitle "playchess.com"]
[Source "ChessBase"]
[SourceQuality "1"]
[TimeControl "900+5"]

1. d4 Nf6 2. Nf3 g6 3. g3 c5 4. d5 b5 5. Bg2 d6 6. O-O Bg7 7. Re1 O-O 8. e4 Bg4 9. a4 bxa4 10. Rxa4 Nbd7 11. h3 Nb6 12. Ra2 Bxf3 13. Bxf3 Qc7 14. c3 Nfd7 15. Bg2 c4 16. Na3 Rfb8 17. Nb5 Qc5 18. Nd4 Ne5 19. Be3 Qc7 20. Qc2 Nd3 21. Rea1 Nc8 22. Nc6 Rb7 23. Bf1 e6 24. Bxd3 cxd3 25. Qxd3 exd5 26. exd5 Ne7 27. Rxa7 Raxa7 28. Rxa7 Nxc6 29. Rxb7 Qxb7 30. dxc6 Qxc6 31. Bd4 Qd5 32. Qe3 Be5 33. b4 h5 34. h4 Kh7 35. Bxe5 dxe5 36. Qc5 Qd1+ 37. Kh2 Qf3 38. b5 f5 39. Qe3 Qd5 40. b6 Qb5 41. c4 Qxc4 42. b7 f4 43. Qxe5 fxg3+ 44. Qxg3 1-0